[ AOE2 MATCH · #463579857 ]
Team RMMaya vs Poles
[ REPLAY ANALYSIS · EXTRACTED FROM THE RECORDED GAME ]
Feudal
—
Castle
—
Imperial
—
| APM avg | 29.5 |
| APM peak | 54 |
| eAPM avg | 16.2 |
| Villagers / military | 128 / 197 |
Focus
⚔️ 34.8% · 🌾 65.2%
Eagle Scout ×158 · Scorpion ×20 · Battering Ram ×17 · Militia ×1 · Mangonel ×1
Feudal
—
Castle
—
Imperial
—
| APM avg | 29.6 |
| APM peak | 75 |
| eAPM avg | 14.8 |
| Villagers / military | 66 / 220 |
Focus
⚔️ 20.2% · 🌾 79.8%
Camel Scout ×89 · Hand Cannoneer ×76 · Scout Cavalry ×44 · Bombard Cannon ×10 · Monk ×1
Feudal
—
Castle
—
Imperial
—
| APM avg | 22.1 |
| APM peak | 52 |
| eAPM avg | 12.6 |
| Villagers / military | 128 / 274 |
Focus
⚔️ 30.1% · 🌾 69.9%
Knight ×182 · Obuch ×92 · Trade Cart ×14
Feudal
—
Castle
—
Imperial
—
| APM avg | 28.4 |
| APM peak | 78 |
| eAPM avg | 13.4 |
| Villagers / military | 116 / 159 |
Focus
⚔️ 35.8% · 🌾 64.2%
Ballista Elephant ×150 · Trade Cart ×12 · Battering Ram ×5 · Trebuchet (Packed) ×4
Feudal
—
Castle
—
Imperial
—
| APM avg | 24.4 |
| APM peak | 59 |
| eAPM avg | 16.2 |
| Villagers / military | 160 / 274 |
Focus
⚔️ 30.6% · 🌾 69.4%
Knight ×272 · Trade Cart ×42 · Trebuchet (Packed) ×2
Feudal
—
Castle
—
Imperial
—
| APM avg | 33.7 |
| APM peak | 76 |
| eAPM avg | 20.0 |
| Villagers / military | 128 / 388 |
Focus
⚔️ 40.9% · 🌾 59.1%
Spearman ×277 · Knight ×86 · Tarkan ×16 · Battering Ram ×3 · Scout Cavalry ×3 · Monk ×2
Feudal
—
Castle
—
Imperial
—
| APM avg | 15.3 |
| APM peak | 42 |
| eAPM avg | 9.8 |
| Villagers / military | 90 / 105 |
Focus
⚔️ 18.8% · 🌾 81.2%
Spearman ×79 · Longbowman ×26 · Trade Cart ×9
Feudal
—
Castle
—
Imperial
—
| APM avg | 31.3 |
| APM peak | 63 |
| eAPM avg | 14.5 |
| Villagers / military | 106 / 112 |
Focus
⚔️ 22.4% · 🌾 77.6%
Archer ×90 · Eagle Scout ×16 · Trade Cart ×12 · Mangonel ×3 · Spearman ×2 · Monk ×1
Match map
Initial resources + every placement click. Lines = walls · curves = elevation contours. ◆ gold · ⬟ stone · ● berries · ✦ relic · ◌ wall gap
Your base· Open — unwalled flank
Ekrem's base
rkw's base
Killer_Master69's base· Open — unwalled flank
Dr4goN's base
dinbsty ascenci's base· Open — unwalled flank
rasca's base
xbr's base
Smoothed initial terrain · ◌ = detected wall gap · hover for details
Inputs per minute
— CompixZero - - Ekrem
Build order — CompixZero
First 150 of 447 actions detected
| 0:00 | Create | Villager (Male) |
| 0:01 | Create | Villager (Male) |
| 0:03 | Research | Loom |
| 0:05 | Build | House |
| 0:08 | Build | House |
| 0:21 | Create | Villager (Male) |
| 0:22 | Create | Villager (Male) |
| 0:22 | Create | Villager (Male) |
| 0:22 | Create | Villager (Male) |
| 1:33 | Create | Villager (Male) |
| 1:34 | Create | Villager (Male) |
| 1:58 | Create | Villager (Male) |
| 1:59 | Create | Villager (Male) |
| 2:37 | Create | Villager (Male) |
| 2:37 | Create | Villager (Male) |
| 3:12 | Create | Villager (Male) |
| 3:13 | Create | Villager (Male) |
| 3:38 | Build | House |
| 3:42 | Build | Mill |
| 4:01 | Create | Villager (Male) |
| 4:01 | Create | Villager (Male) |
| 4:01 | Create | Villager (Male) |
| 4:56 | Create | Villager (Male) |
| 4:56 | Create | Villager (Male) |
| 5:12 | Create | Villager (Male) |
| 5:13 | Create | Villager (Male) |
| 5:27 | Build | House |
| 6:23 | Create | Villager (Male) |
| 6:24 | Create | Villager (Male) |
| 6:24 | Create | Villager (Male) |
| 6:37 | Build | Palisade Wall |
| 6:43 | Build | Palisade Wall |
| 6:57 | Build | Palisade Wall |
| 7:03 | Create | Villager (Male) |
| 7:20 | Build | Lumber Camp |
| 7:28 | Create | Villager (Male) |
| 7:40 | Build | House |
| 7:41 | Build | House |
| 7:51 | Build | Mining Camp |
| 8:07 | Create | Villager (Male) |
| 8:25 | Build | Palisade Wall |
| 8:27 | Build | Palisade Wall |
| 8:44 | Build | Farm |
| 8:45 | Create | Villager (Male) |
| 8:45 | Create | Villager (Male) |
| 9:08 | Create | Villager (Male) |
| 9:18 | Build | Palisade Wall |
| 9:31 | Create | Villager (Male) |
| 9:31 | Create | Villager (Male) |
| 9:35 | Research | Feudal Age |
| 9:46 | Build | Palisade Wall |
| 9:49 | Build | Palisade Wall |
| 9:54 | Build | Palisade Wall |
| 9:58 | Build | Palisade Wall |
| 11:13 | Build | House |
| 12:17 | Create | Villager (Male) |
| 12:18 | Create | Villager (Male) |
| 12:24 | Build | Blacksmith |
| 12:35 | Build | Farm |
| 12:36 | Build | Farm |
| 13:03 | Build | Farm |
| 13:13 | Create | Villager (Male) |
| 13:19 | Build | Palisade Wall |
| 13:21 | Build | Farm |
| 13:23 | Create | Villager (Male) |
| 13:34 | Build | Building 796 |
| 13:45 | Create | Villager (Male) |
| 13:49 | Build | Farm |
| 14:04 | Build | Farm |
| 14:05 | Build | Farm |
| 14:06 | Build | Farm |
| 14:41 | Build | Farm |
| 14:47 | Create | Villager (Male) |
| 15:02 | Create | Villager (Male) |
| 15:19 | Build | Farm |
| 15:40 | Build | Market |
| 15:57 | Build | Farm |
| 16:28 | Research | Castle Age |
| 16:43 | Build | House |
| 17:02 | Build | House |
| 17:07 | Build | Palisade Wall |
| 17:26 | Build | Barracks |
| 17:28 | Build | Barracks |
| 17:31 | Research | Scale Mail Armor |
| 17:31 | Research | Forging |
| 18:15 | Build | Barracks |
| 18:43 | Research | Double-Bit Axe |
| 19:00 | Create | Eagle Scout |
| 19:01 | Create | Eagle Scout |
| 19:01 | Create | Eagle Scout |
| 19:01 | Create | Eagle Scout |
| 19:08 | Research | Eagle Warrior (upgrade) |
| 19:09 | Research | Eagle Warrior (upgrade) |
| 19:15 | Build | House |
| 19:21 | Build | House |
| 19:52 | Build | Siege Workshop |
| 19:54 | Build | Farm |
| 19:58 | Create | Eagle Scout |
| 19:58 | Create | Eagle Scout |
| 19:58 | Create | Eagle Scout |
| 19:59 | Create | Eagle Scout |
| 19:59 | Create | Eagle Scout |
| 19:59 | Create | Eagle Scout |
| 19:59 | Create | Eagle Scout |
| 20:33 | Research | Squires |
| 20:54 | Create | Scorpion |
| 21:41 | Create | Villager (Male) |
| 21:41 | Create | Villager (Male) |
| 21:41 | Create | Villager (Male) |
| 21:42 | Create | Villager (Male) |
| 21:44 | Create | Eagle Scout |
| 21:44 | Create | Eagle Scout |
| 21:45 | Create | Eagle Scout |
| 22:19 | Create | Villager (Male) |
| 22:30 | Create | Villager (Male) |
| 23:23 | Build | Siege Workshop |
| 23:33 | Research | Gold Mining |
| 23:35 | Research | Bow Saw |
| 23:37 | Create | Villager (Male) |
| 23:57 | Create | Villager (Male) |
| 24:09 | Create | Mangonel |
| 24:26 | Build | Farm |
| 24:28 | Build | Farm |
| 24:29 | Build | Farm |
| 24:32 | Build | House |
| 24:47 | Build | Building 796 |
| 24:51 | Create | Battering Ram |
| 24:51 | Create | Battering Ram |
| 25:01 | Create | Eagle Scout |
| 25:01 | Create | Eagle Scout |
| 25:02 | Create | Eagle Scout |
| 25:13 | Build | Farm |
| 25:14 | Build | Farm |
| 25:20 | Build | Farm |
| 25:31 | Create | Villager (Male) |
| 25:31 | Create | Villager (Male) |
| 25:31 | Create | Villager (Male) |
| 25:35 | Create | Eagle Scout |
| 25:36 | Create | Eagle Scout |
| 25:36 | Create | Eagle Scout |
| 25:36 | Create | Eagle Scout |
| 25:44 | Build | House |
| 25:45 | Build | House |
| 25:58 | Create | Eagle Scout |
| 25:58 | Create | Eagle Scout |
| 25:59 | Create | Eagle Scout |
| 26:22 | Create | Battering Ram |
| 26:35 | Create | Villager (Male) |
| 26:35 | Create | Villager (Male) |
| 26:35 | Create | Villager (Male) |
Build order — Ekrem
First 150 of 247 actions detected
| 0:02 | Build | House |
| 0:03 | Build | House |
| 0:03 | Create | Villager (Male) |
| 0:04 | Create | Villager (Male) |
| 0:04 | Create | Villager (Male) |
| 0:04 | Create | Villager (Male) |
| 1:35 | Create | Villager (Male) |
| 2:05 | Create | Villager (Male) |
| 2:29 | Create | Villager (Male) |
| 2:54 | Create | Villager (Male) |
| 2:58 | Create | Villager (Male) |
| 3:39 | Create | Villager (Male) |
| 4:10 | Build | Lumber Camp |
| 4:19 | Create | Villager (Male) |
| 4:19 | Create | Villager (Male) |
| 4:46 | Build | House |
| 4:53 | Create | Villager (Male) |
| 5:15 | Create | Villager (Male) |
| 5:16 | Create | Villager (Male) |
| 5:25 | Create | Villager (Male) |
| 6:03 | Build | Mill |
| 6:24 | Create | Villager (Male) |
| 6:36 | Create | Villager (Male) |
| 6:46 | Create | Villager (Male) |
| 6:50 | Create | Villager (Male) |
| 6:54 | Build | House |
| 7:49 | Create | Villager (Male) |
| 8:00 | Research | Loom |
| 8:13 | Build | Palisade Wall |
| 8:38 | Research | Feudal Age |
| 8:42 | Create | Villager (Male) |
| 8:42 | Create | Villager (Male) |
| 9:11 | Build | Mining Camp |
| 9:13 | Create | Villager (Male) |
| 9:21 | Build | House |
| 9:59 | Create | Villager (Male) |
| 10:00 | Create | Villager (Male) |
| 10:26 | Create | Villager (Male) |
| 11:10 | Build | Farm |
| 11:10 | Build | Farm |
| 11:10 | Build | Farm |
| 11:11 | Build | Farm |
| 11:11 | Build | Farm |
| 11:16 | Research | Feudal Age |
| 11:19 | Create | Villager (Male) |
| 11:20 | Create | Villager (Male) |
| 11:56 | Build | Lumber Camp |
| 13:33 | Build | Blacksmith |
| 13:39 | Build | Market |
| 14:27 | Research | Castle Age |
| 15:06 | Create | Villager (Male) |
| 15:07 | Create | Villager (Male) |
| 15:09 | Research | Double-Bit Axe |
| 15:21 | Research | Gold Mining |
| 16:23 | Create | Villager (Male) |
| 16:23 | Create | Villager (Male) |
| 17:13 | Build | House |
| 17:28 | Build | Siege Workshop |
| 17:40 | Build | Monastery |
| 17:45 | Create | Villager (Male) |
| 18:18 | Create | Monk |
| 18:44 | Build | Farm |
| 18:44 | Build | Farm |
| 18:44 | Build | Farm |
| 18:45 | Build | Farm |
| 18:45 | Build | Farm |
| 18:47 | Build | Farm |
| 18:50 | Build | Farm |
| 18:53 | Create | Villager (Male) |
| 18:53 | Create | Villager (Male) |
| 18:58 | Build | Barracks |
| 19:12 | Build | House |
| 19:18 | Build | Farm |
| 19:18 | Build | Farm |
| 19:18 | Build | Farm |
| 19:54 | Build | Archery Range |
| 19:58 | Build | Archery Range |
| 20:07 | Create | Villager (Male) |
| 20:36 | Research | Imperial Age |
| 20:37 | Create | Villager (Male) |
| 20:43 | Build | Farm |
| 23:13 | Build | House |
| 23:15 | Build | House |
| 23:16 | Build | House |
| 23:17 | Build | House |
| 23:19 | Build | House |
| 23:47 | Create | Bombard Cannon |
| 23:49 | Create | Bombard Cannon |
| 23:53 | Create | Hand Cannoneer ×5 |
| 23:53 | Create | Hand Cannoneer ×5 |
| 23:54 | Create | Hand Cannoneer ×2 |
| 23:59 | Research | Padded Archer Armor |
| 24:05 | Create | Villager (Male) |
| 24:47 | Create | Bombard Cannon |
| 24:48 | Create | Hand Cannoneer |
| 24:48 | Create | Hand Cannoneer |
| 24:48 | Create | Hand Cannoneer |
| 24:53 | Create | Villager (Male) |
| 24:54 | Create | Villager (Male) |
| 24:54 | Create | Villager (Male) |
| 25:07 | Build | Stone Wall |
| 25:50 | Create | Hand Cannoneer ×5 |
| 25:50 | Create | Hand Cannoneer ×5 |
| 26:07 | Create | Villager (Male) |
| 26:07 | Create | Villager (Male) |
| 26:14 | Build | Farm |
| 26:14 | Build | Farm |
| 26:14 | Build | Farm |
| 26:18 | Create | Villager (Male) |
| 26:50 | Create | Hand Cannoneer |
| 26:50 | Create | Hand Cannoneer |
| 26:50 | Create | Hand Cannoneer |
| 26:52 | Create | Bombard Cannon |
| 27:18 | Research | Leather Archer Armor |
| 27:20 | Create | Villager (Male) |
| 27:21 | Create | Villager (Male) |
| 27:28 | Build | House |
| 27:30 | Build | House |
| 27:31 | Build | House |
| 27:31 | Build | House |
| 28:23 | Create | Hand Cannoneer |
| 28:24 | Create | Hand Cannoneer |
| 28:24 | Create | Hand Cannoneer |
| 28:51 | Create | Bombard Cannon |
| 28:59 | Create | Hand Cannoneer ×5 |
| 28:59 | Create | Hand Cannoneer ×5 |
| 30:34 | Create | Hand Cannoneer ×5 |
| 30:34 | Create | Hand Cannoneer |
| 30:37 | Build | Farm |
| 30:39 | Build | Farm |
| 30:40 | Build | Farm |
| 31:20 | Create | Hand Cannoneer ×5 |
| 31:20 | Create | Hand Cannoneer ×5 |
| 31:37 | Create | Bombard Cannon |
| 32:06 | Create | Hand Cannoneer |
| 32:06 | Create | Hand Cannoneer |
| 32:06 | Create | Hand Cannoneer |
| 32:13 | Create | Villager (Male) |
| 32:14 | Create | Villager (Male) |
| 32:16 | Research | Wheelbarrow |
| 32:29 | Build | Farm |
| 32:29 | Build | Farm |
| 32:48 | Create | Bombard Cannon |
| 33:25 | Create | Bombard Cannon |
| 33:42 | Create | Hand Cannoneer ×4 |
| 33:42 | Create | Hand Cannoneer ×4 |
| 33:47 | Build | House |
| 33:49 | Build | House |
| 33:54 | Build | Mining Camp |
| 34:23 | Create | Bombard Cannon |
Build order — rkw
First 150 of 399 actions detected
| 0:06 | Create | Villager (Male) |
| 0:06 | Create | Villager (Male) |
| 0:08 | Build | House |
| 0:10 | Build | House |
| 0:11 | Create | Villager (Male) |
| 0:11 | Create | Villager (Male) |
| 1:35 | Create | Villager (Male) |
| 2:02 | Create | Villager (Male) |
| 2:03 | Create | Villager (Male) |
| 2:50 | Create | Villager (Male) |
| 3:16 | Create | Villager (Male) |
| 3:16 | Create | Villager (Male) |
| 3:36 | Build | Lumber Camp |
| 4:21 | Build | House |
| 4:23 | Create | Villager (Male) |
| 4:23 | Create | Villager (Male) |
| 4:51 | Build | House |
| 5:28 | Create | Villager (Male) |
| 5:29 | Create | Villager (Male) |
| 5:29 | Create | Villager (Male) |
| 5:34 | Build | Mill |
| 6:38 | Create | Villager (Male) |
| 6:47 | Research | Loom |
| 6:50 | Create | Villager (Male) |
| 6:51 | Create | Villager (Male) |
| 8:22 | Create | Villager (Male) |
| 8:22 | Create | Villager (Male) |
| 8:46 | Research | Feudal Age |
| 8:46 | Research | Feudal Age |
| 9:12 | Create | Villager (Male) |
| 9:12 | Create | Villager (Male) |
| 9:12 | Create | Villager (Male) |
| 10:01 | Build | Barracks |
| 10:51 | Create | Villager (Male) |
| 10:51 | Create | Villager (Male) |
| 11:00 | Build | Mining Camp |
| 11:12 | Build | Blacksmith |
| 11:23 | Create | Villager (Male) |
| 11:23 | Create | Villager (Male) |
| 11:49 | Research | Double-Bit Axe |
| 11:52 | Research | Horse Collar |
| 12:06 | Build | House |
| 12:08 | Build | House |
| 12:39 | Build | Farm |
| 12:41 | Research | Gold Mining |
| 12:53 | Build | House |
| 13:12 | Build | Farm |
| 14:09 | Build | Stable |
| 14:17 | Create | Villager (Male) |
| 14:17 | Create | Villager (Male) |
| 14:17 | Create | Villager (Male) |
| 14:22 | Build | Farm |
| 14:22 | Build | Farm |
| 14:26 | Build | Farm |
| 14:45 | Build | Farm |
| 15:17 | Build | Farm |
| 15:30 | Build | Farm |
| 15:34 | Build | Farm |
| 15:43 | Build | Farm |
| 15:57 | Build | Farm |
| 15:59 | Research | Castle Age |
| 17:02 | Research | Stone Mining |
| 17:10 | Build | Mining Camp |
| 17:42 | Research | Forging |
| 17:44 | Research | Scale Mail Armor |
| 17:48 | Create | Villager (Male) |
| 17:48 | Create | Villager (Male) |
| 17:48 | Create | Villager (Male) |
| 18:46 | Build | Town Center |
| 18:51 | Create | Villager (Male) |
| 18:52 | Create | Villager (Male) |
| 18:52 | Create | Villager (Male) |
| 20:00 | Create | Villager (Male) |
| 20:01 | Create | Villager (Male) |
| 20:01 | Create | Villager (Male) |
| 20:06 | Build | Town Center |
| 20:23 | Build | Farm |
| 20:23 | Build | Farm |
| 20:24 | Build | Farm |
| 20:24 | Build | Farm |
| 20:25 | Build | Farm |
| 20:34 | Build | Farm |
| 20:46 | Create | Villager (Male) |
| 20:46 | Create | Villager (Male) |
| 21:28 | Create | Villager (Male) |
| 21:28 | Create | Villager (Male) |
| 21:41 | Create | Villager (Male) |
| 21:41 | Create | Villager (Male) |
| 22:02 | Create | Villager (Male) |
| 22:02 | Create | Villager (Male) |
| 22:03 | Create | Villager (Male) |
| 22:13 | Build | Farm |
| 22:13 | Build | Farm |
| 22:14 | Build | Farm |
| 22:26 | Create | Villager (Male) |
| 22:26 | Create | Villager (Male) |
| 22:26 | Create | Villager (Male) |
| 22:34 | Build | House |
| 22:38 | Build | House |
| 22:39 | Build | House |
| 22:40 | Build | House |
| 22:41 | Build | House |
| 22:42 | Build | House |
| 22:45 | Build | House |
| 22:46 | Build | House |
| 22:48 | Create | Villager (Male) |
| 22:48 | Create | Villager (Male) |
| 22:54 | Create | Villager (Male) |
| 23:06 | Build | Farm |
| 23:17 | Create | Villager (Male) |
| 23:17 | Create | Villager (Male) |
| 23:39 | Build | Castle |
| 23:42 | Create | Villager (Male) |
| 23:42 | Create | Villager (Male) |
| 23:43 | Create | Villager (Male) |
| 23:43 | Create | Villager (Male) |
| 23:56 | Build | Farm |
| 24:05 | Build | Market |
| 24:13 | Create | Villager (Male) |
| 24:13 | Create | Villager (Male) |
| 24:13 | Create | Villager (Male) |
| 24:18 | Build | Farm |
| 24:25 | Create | Villager (Male) |
| 24:42 | Create | Villager (Male) |
| 24:43 | Create | Villager (Male) |
| 25:05 | Research | Stone Shaft Mining |
| 25:15 | Build | Mining Camp |
| 25:24 | Create | Villager (Male) |
| 25:24 | Create | Villager (Male) |
| 25:30 | Create | Villager (Male) |
| 25:43 | Create | Obuch |
| 25:53 | Create | Villager (Male) |
| 25:54 | Create | Villager (Male) |
| 26:26 | Create | Obuch |
| 26:26 | Create | Obuch |
| 26:26 | Create | Obuch |
| 26:31 | Build | Farm |
| 26:36 | Build | Farm |
| 26:37 | Build | Farm |
| 26:37 | Build | Farm |
| 26:38 | Build | Farm |
| 26:56 | Create | Obuch |
| 26:57 | Create | Obuch |
| 26:57 | Create | Obuch |
| 27:22 | Create | Obuch |
| 27:22 | Create | Obuch |
| 27:22 | Create | Obuch |
| 27:22 | Create | Obuch |
| 27:38 | Create | Villager (Male) |
| 27:38 | Create | Villager (Male) |
Build order — Killer_Master69
First 150 of 452 actions detected
| 0:00 | Create | Villager (Male) |
| 0:01 | Create | Villager (Male) |
| 0:01 | Create | Villager (Male) |
| 0:03 | Build | House |
| 0:05 | Build | House |
| 0:54 | Create | Villager (Male) |
| 1:34 | Create | Villager (Male) |
| 1:34 | Create | Villager (Male) |
| 1:57 | Create | Villager (Male) |
| 1:58 | Create | Villager (Male) |
| 2:25 | Research | Loom |
| 2:26 | Create | Villager (Male) |
| 2:56 | Create | Villager (Male) |
| 3:02 | Build | House |
| 3:37 | Create | Villager (Male) |
| 3:37 | Create | Villager (Male) |
| 3:56 | Create | Villager (Male) |
| 3:56 | Create | Villager (Male) |
| 4:59 | Create | Villager (Male) |
| 5:25 | Create | Villager (Male) |
| 5:25 | Create | Villager (Male) |
| 5:26 | Create | Villager (Male) |
| 5:30 | Build | House |
| 6:38 | Create | Villager (Male) |
| 6:56 | Create | Villager (Male) |
| 7:23 | Create | Villager (Male) |
| 7:24 | Create | Villager (Male) |
| 8:03 | Build | Mining Camp |
| 8:06 | Research | Feudal Age |
| 8:20 | Build | Lumber Camp |
| 9:41 | Create | Villager (Male) |
| 9:53 | Build | House |
| 10:07 | Build | Mill |
| 10:50 | Create | Villager (Male) |
| 11:05 | Research | Double-Bit Axe |
| 11:07 | Create | Villager (Male) |
| 11:07 | Create | Villager (Male) |
| 11:07 | Create | Villager (Male) |
| 11:59 | Build | House |
| 12:00 | Build | House |
| 12:23 | Build | Stable |
| 12:46 | Create | Villager (Male) |
| 12:46 | Create | Villager (Male) |
| 12:47 | Create | Villager (Male) |
| 13:37 | Build | Market |
| 13:38 | Create | Villager (Male) |
| 13:48 | Build | Farm |
| 13:53 | Build | Farm |
| 13:56 | Build | Farm |
| 14:01 | Build | Farm |
| 14:05 | Build | Farm |
| 14:07 | Build | Farm |
| 14:25 | Create | Villager (Male) |
| 14:26 | Create | Villager (Male) |
| 14:43 | Build | Mining Camp |
| 14:48 | Create | Villager (Male) |
| 15:16 | Build | Farm |
| 15:28 | Build | Farm |
| 15:38 | Create | Villager (Male) |
| 16:03 | Create | Villager (Male) |
| 16:06 | Build | Farm |
| 16:32 | Create | Villager (Male) |
| 16:40 | Research | Castle Age |
| 16:50 | Build | Blacksmith |
| 17:04 | Build | Farm |
| 17:39 | Create | Villager (Male) |
| 17:56 | Build | Farm |
| 17:56 | Build | Farm |
| 17:57 | Build | Farm |
| 17:57 | Build | Farm |
| 17:57 | Build | Farm |
| 17:58 | Build | Farm |
| 17:59 | Build | Farm |
| 19:21 | Build | House |
| 19:23 | Build | House |
| 19:25 | Research | Gold Mining |
| 19:29 | Research | Stone Mining |
| 19:35 | Research | Town Watch |
| 19:42 | Research | Wheelbarrow |
| 19:46 | Research | Loom |
| 19:55 | Build | Town Center |
| 20:06 | Research | Bow Saw |
| 20:13 | Research | Husbandry |
| 20:13 | Research | Bloodlines |
| 20:22 | Build | Castle |
| 20:36 | Create | Villager (Male) |
| 20:36 | Create | Villager (Male) |
| 20:38 | Research | Scale Barding Armor |
| 20:46 | Create | Villager (Male) |
| 20:46 | Create | Villager (Male) |
| 20:47 | Create | Villager (Male) |
| 21:01 | Research | Horse Collar |
| 21:03 | Create | Villager (Male) |
| 21:04 | Create | Villager (Male) |
| 21:26 | Create | Villager (Male) |
| 21:26 | Create | Villager (Male) |
| 22:13 | Create | Villager (Male) |
| 22:16 | Research | Chain Barding Armor |
| 23:15 | Create | Villager (Male) |
| 23:16 | Create | Villager (Male) |
| 23:19 | Create | Villager (Male) |
| 23:19 | Create | Villager (Male) |
| 23:38 | Research | Forging |
| 23:46 | Create | Villager (Male) |
| 23:46 | Create | Villager (Male) |
| 23:53 | Build | Siege Workshop |
| 24:00 | Create | Ballista Elephant |
| 24:00 | Create | Ballista Elephant |
| 24:00 | Create | Ballista Elephant |
| 24:12 | Create | Villager (Male) |
| 24:13 | Create | Villager (Male) |
| 24:26 | Build | Farm |
| 24:26 | Build | Farm |
| 24:26 | Build | Farm |
| 24:26 | Build | Farm |
| 24:27 | Build | Farm |
| 24:27 | Build | Farm |
| 24:27 | Build | Farm |
| 24:28 | Build | Farm |
| 24:35 | Research | Heavy Plow |
| 24:38 | Create | Villager (Male) |
| 24:45 | Create | Villager (Male) |
| 24:59 | Build | Farm |
| 25:05 | Create | Battering Ram |
| 25:19 | Create | Villager (Male) |
| 25:19 | Create | Villager (Male) |
| 25:21 | Create | Ballista Elephant |
| 25:22 | Create | Ballista Elephant |
| 25:22 | Create | Ballista Elephant |
| 25:22 | Create | Ballista Elephant |
| 26:03 | Create | Villager (Male) |
| 26:04 | Create | Villager (Male) |
| 26:04 | Create | Villager (Male) |
| 26:05 | Create | Ballista Elephant |
| 26:07 | Create | Ballista Elephant |
| 26:14 | Create | Villager (Male) |
| 26:14 | Create | Villager (Male) |
| 26:33 | Create | Villager (Male) |
| 26:39 | Create | Villager (Male) |
| 26:39 | Create | Villager (Male) |
| 27:07 | Create | Villager (Male) |
| 27:07 | Create | Villager (Male) |
| 27:26 | Create | Villager (Male) |
| 27:26 | Create | Villager (Male) |
| 27:33 | Build | House |
| 27:34 | Build | House |
| 27:34 | Build | House |
| 27:35 | Build | House |
| 27:35 | Build | House |
| 27:36 | Build | House |
Build order — Dr4goN
First 150 of 589 actions detected
| 0:02 | Build | House |
| 0:04 | Build | House |
| 0:05 | Create | Villager (Male) |
| 0:05 | Create | Villager (Male) |
| 0:05 | Create | Villager (Male) |
| 0:06 | Create | Villager (Male) |
| 0:06 | Create | Villager (Male) |
| 1:28 | Create | Villager (Male) |
| 1:54 | Create | Villager (Male) |
| 2:18 | Build | Lumber Camp |
| 2:25 | Create | Villager (Male) |
| 2:55 | Create | Villager (Male) |
| 3:07 | Build | House |
| 3:13 | Create | Villager (Male) |
| 4:00 | Create | Villager (Male) |
| 4:00 | Create | Villager (Male) |
| 4:48 | Create | Villager (Male) |
| 4:48 | Create | Villager (Male) |
| 5:18 | Build | House |
| 6:20 | Create | Villager (Male) |
| 6:20 | Create | Villager (Male) |
| 6:20 | Create | Villager (Male) |
| 6:21 | Create | Villager (Male) |
| 6:21 | Create | Villager (Male) |
| 6:21 | Create | Villager (Male) |
| 7:08 | Build | Mill |
| 7:15 | Create | Villager (Male) |
| 7:18 | Create | Villager (Male) |
| 8:04 | Build | Mining Camp |
| 8:26 | Create | Villager (Male) |
| 8:27 | Create | Villager (Male) |
| 8:28 | Research | Feudal Age |
| 9:23 | Research | Loom |
| 10:15 | Build | Farm |
| 10:16 | Build | Farm |
| 10:17 | Build | Farm |
| 10:22 | Build | Farm |
| 10:23 | Build | Farm |
| 10:31 | Build | Farm |
| 10:35 | Build | Farm |
| 11:09 | Create | Villager (Male) |
| 11:15 | Build | House |
| 11:16 | Build | House |
| 11:22 | Build | Blacksmith |
| 11:40 | Build | Market |
| 11:42 | Create | Villager (Male) |
| 12:12 | Create | Villager (Male) |
| 12:35 | Create | Villager (Male) |
| 12:50 | Research | Castle Age |
| 13:04 | Create | Villager (Male) |
| 13:05 | Create | Villager (Male) |
| 13:16 | Research | Double-Bit Axe |
| 14:24 | Build | House |
| 14:25 | Build | House |
| 14:31 | Build | House |
| 14:32 | Build | House |
| 14:33 | Build | House |
| 15:48 | Create | Villager (Male) |
| 15:49 | Create | Villager (Male) |
| 15:55 | Build | Town Center |
| 16:00 | Build | Town Center |
| 16:03 | Create | Villager (Male) |
| 16:09 | Research | Bow Saw |
| 16:40 | Build | Town Center |
| 16:47 | Create | Villager (Male) |
| 16:48 | Create | Villager (Male) |
| 17:07 | Create | Villager (Male) |
| 17:12 | Research | Horse Collar |
| 17:27 | Create | Villager (Male) |
| 17:28 | Create | Villager (Male) |
| 17:28 | Create | Villager (Male) |
| 17:28 | Create | Villager (Male) |
| 17:29 | Create | Villager (Male) |
| 17:39 | Build | Farm |
| 17:40 | Build | Farm |
| 17:42 | Build | Farm |
| 17:47 | Create | Villager (Male) |
| 17:52 | Build | Farm |
| 17:59 | Build | Farm |
| 18:02 | Create | Villager (Male) |
| 18:02 | Create | Villager (Male) |
| 18:02 | Create | Villager (Male) |
| 18:03 | Create | Villager (Male) |
| 18:08 | Build | House |
| 18:09 | Build | House |
| 18:10 | Build | House |
| 18:11 | Build | House |
| 18:12 | Build | House |
| 18:18 | Create | Villager (Male) |
| 18:42 | Create | Villager (Male) |
| 18:43 | Create | Villager (Male) |
| 18:53 | Build | Farm |
| 18:53 | Build | Farm |
| 18:53 | Build | Farm |
| 18:53 | Build | Farm |
| 18:54 | Build | Farm |
| 18:55 | Build | Farm |
| 18:59 | Build | Farm |
| 19:03 | Create | Villager (Male) |
| 19:04 | Create | Villager (Male) |
| 19:16 | Build | Farm |
| 19:21 | Build | Farm |
| 19:25 | Create | Villager (Male) |
| 19:31 | Build | Farm |
| 19:39 | Build | Farm |
| 19:44 | Create | Villager (Male) |
| 19:46 | Create | Villager (Male) |
| 19:51 | Create | Villager (Male) |
| 19:52 | Build | Farm |
| 20:04 | Build | Farm |
| 20:21 | Build | Farm |
| 20:22 | Build | Farm |
| 20:35 | Create | Villager (Male) |
| 20:36 | Create | Villager (Male) |
| 20:37 | Create | Villager (Male) |
| 20:37 | Create | Villager (Male) |
| 20:37 | Create | Villager (Male) |
| 20:38 | Create | Villager (Male) |
| 20:40 | Build | Farm |
| 20:44 | Build | Farm |
| 20:51 | Create | Villager (Male) |
| 20:51 | Create | Villager (Male) |
| 20:52 | Create | Villager (Male) |
| 20:58 | Build | Farm |
| 20:58 | Build | Farm |
| 21:00 | Create | Villager (Male) |
| 21:15 | Build | Farm |
| 21:19 | Build | Farm |
| 21:23 | Build | Farm |
| 21:26 | Create | Villager (Male) |
| 21:27 | Create | Villager (Male) |
| 21:27 | Create | Villager (Male) |
| 21:27 | Create | Villager (Male) |
| 21:30 | Create | Villager (Male) |
| 21:35 | Build | House |
| 21:35 | Build | House |
| 21:37 | Build | House |
| 21:44 | Research | Gold Mining |
| 21:50 | Create | Villager (Male) |
| 21:53 | Create | Villager (Male) |
| 22:05 | Create | Villager (Male) |
| 22:05 | Create | Villager (Male) |
| 22:05 | Create | Villager (Male) |
| 22:08 | Create | Villager (Male) |
| 22:16 | Build | Farm |
| 22:16 | Build | Farm |
| 22:17 | Build | Farm |
| 22:17 | Build | Farm |
| 22:17 | Build | Farm |
| 22:18 | Build | Farm |
Build order — dinbsty ascenci
First 150 of 559 actions detected
| 0:00 | Create | Villager (Male) |
| 0:01 | Create | Villager (Male) |
| 0:01 | Create | Villager (Male) |
| 0:57 | Create | Villager (Male) |
| 0:57 | Create | Villager (Male) |
| 1:17 | Create | Villager (Male) |
| 1:42 | Create | Villager (Male) |
| 1:53 | Build | Lumber Camp |
| 2:16 | Create | Villager (Male) |
| 2:50 | Create | Villager (Male) |
| 2:50 | Create | Villager (Male) |
| 3:38 | Create | Villager (Male) |
| 3:58 | Create | Villager (Male) |
| 4:39 | Create | Villager (Male) |
| 4:39 | Create | Villager (Male) |
| 4:39 | Create | Villager (Male) |
| 5:13 | Build | Mill |
| 5:20 | Research | Loom |
| 5:20 | Create | Villager (Male) |
| 5:50 | Create | Villager (Male) |
| 6:55 | Create | Villager (Male) |
| 7:34 | Create | Villager (Male) |
| 7:34 | Create | Villager (Male) |
| 8:06 | Build | Mining Camp |
| 8:14 | Research | Feudal Age |
| 9:18 | Create | Villager (Male) |
| 10:39 | Build | Stone Wall |
| 10:53 | Build | Stone Wall |
| 10:56 | Create | Villager (Male) |
| 11:11 | Build | Stone Wall |
| 11:17 | Create | Villager (Male) |
| 11:20 | Research | Double-Bit Axe |
| 11:42 | Create | Villager (Male) |
| 11:47 | Build | Farm |
| 11:48 | Build | Farm |
| 11:48 | Build | Farm |
| 11:48 | Build | Farm |
| 11:48 | Build | Farm |
| 11:53 | Create | Villager (Male) |
| 11:53 | Create | Villager (Male) |
| 11:53 | Create | Villager (Male) |
| 12:33 | Research | Horse Collar |
| 12:44 | Build | Mining Camp |
| 12:50 | Build | Farm |
| 12:51 | Build | Farm |
| 12:51 | Build | Farm |
| 12:52 | Build | Farm |
| 12:53 | Build | Farm |
| 12:53 | Build | Farm |
| 12:56 | Create | Villager (Male) |
| 12:56 | Create | Villager (Male) |
| 13:12 | Create | Villager (Male) |
| 13:29 | Build | Building 490 |
| 13:37 | Build | Farm |
| 14:21 | Create | Villager (Male) |
| 14:30 | Build | Barracks |
| 14:54 | Build | Blacksmith |
| 15:00 | Create | Villager (Male) |
| 15:19 | Create | Villager (Male) |
| 15:37 | Build | Lumber Camp |
| 15:59 | Build | Stable |
| 16:01 | Create | Villager (Male) |
| 16:01 | Create | Villager (Male) |
| 16:45 | Research | Castle Age |
| 16:51 | Research | Stone Mining |
| 17:21 | Research | Gold Mining |
| 17:28 | Build | Stable |
| 17:38 | Research | Scale Barding Armor |
| 19:02 | Create | Scout Cavalry |
| 19:03 | Create | Scout Cavalry |
| 19:32 | Research | Bow Saw |
| 19:35 | Research | Heavy Plow |
| 19:42 | Research | Wheelbarrow |
| 19:47 | Create | Knight |
| 19:47 | Create | Knight |
| 19:48 | Create | Knight |
| 20:03 | Build | Farm |
| 20:03 | Build | Farm |
| 20:03 | Build | Farm |
| 20:04 | Build | Farm |
| 20:11 | Create | Knight |
| 20:13 | Create | Knight |
| 20:21 | Create | Knight |
| 20:44 | Create | Knight |
| 21:00 | Create | Scout Cavalry |
| 21:02 | Create | Villager (Male) |
| 21:25 | Create | Villager (Male) |
| 21:26 | Create | Villager (Male) |
| 21:31 | Build | Farm |
| 21:32 | Build | Farm |
| 21:32 | Build | Farm |
| 21:32 | Build | Farm |
| 21:36 | Create | Villager (Male) |
| 21:36 | Create | Villager (Male) |
| 21:55 | Research | Fletching |
| 22:04 | Build | Castle |
| 22:33 | Create | Villager (Male) |
| 22:56 | Research | Light Cavalry (upgrade) |
| 23:34 | Build | Siege Workshop |
| 23:37 | Research | Hand Cart |
| 23:48 | Build | Lumber Camp |
| 23:53 | Create | Villager (Male) |
| 23:54 | Create | Villager (Male) |
| 24:52 | Build | Farm |
| 24:53 | Build | Farm |
| 24:56 | Create | Villager (Male) |
| 24:56 | Create | Villager (Male) |
| 25:14 | Research | Gold Shaft Mining |
| 25:17 | Create | Villager (Male) |
| 25:24 | Create | Tarkan |
| 25:24 | Create | Tarkan |
| 25:29 | Create | Battering Ram |
| 26:12 | Create | Villager (Male) |
| 26:25 | Build | Town Center |
| 26:33 | Create | Tarkan |
| 26:36 | Create | Battering Ram |
| 26:36 | Create | Battering Ram |
| 27:11 | Build | Farm |
| 27:11 | Build | Farm |
| 27:14 | Create | Villager (Male) |
| 27:14 | Create | Villager (Male) |
| 27:32 | Create | Villager (Male) |
| 27:32 | Create | Villager (Male) |
| 28:04 | Create | Tarkan |
| 28:05 | Create | Tarkan |
| 28:32 | Create | Tarkan |
| 28:33 | Create | Tarkan |
| 28:41 | Build | Farm |
| 28:41 | Build | Farm |
| 28:41 | Build | Farm |
| 28:42 | Build | Farm |
| 28:48 | Build | Farm |
| 28:50 | Create | Villager (Male) |
| 28:51 | Create | Villager (Male) |
| 28:51 | Create | Villager (Male) |
| 28:54 | Create | Villager (Male) |
| 28:54 | Create | Villager (Male) |
| 28:54 | Create | Villager (Male) |
| 28:55 | Create | Villager (Male) |
| 28:57 | Build | Farm |
| 28:59 | Create | Villager (Male) |
| 28:59 | Create | Villager (Male) |
| 29:01 | Create | Villager (Male) |
| 29:01 | Create | Villager (Male) |
| 29:02 | Create | Villager (Male) |
| 29:16 | Create | Tarkan |
| 29:16 | Create | Tarkan |
| 29:19 | Create | Tarkan |
| 29:42 | Create | Villager (Male) |
| 29:42 | Create | Villager (Male) |
Build order — rasca
First 150 of 286 actions detected
| 0:01 | Create | Villager (Male) |
| 0:02 | Create | Villager (Male) |
| 0:03 | Build | House |
| 0:06 | Build | House |
| 1:04 | Create | Villager (Male) |
| 1:05 | Create | Villager (Male) |
| 1:35 | Create | Villager (Male) |
| 2:02 | Create | Villager (Male) |
| 2:39 | Create | Villager (Male) |
| 3:33 | Create | Villager (Male) |
| 3:33 | Create | Villager (Male) |
| 3:33 | Create | Villager (Male) |
| 4:10 | Build | Mill |
| 4:50 | Create | Villager (Male) |
| 4:50 | Create | Villager (Male) |
| 4:50 | Create | Villager (Male) |
| 4:57 | Build | House |
| 4:59 | Build | House |
| 5:55 | Create | Villager (Male) |
| 5:55 | Create | Villager (Male) |
| 5:55 | Create | Villager (Male) |
| 6:22 | Create | Villager (Male) |
| 7:21 | Research | Loom |
| 7:39 | Build | Lumber Camp |
| 7:50 | Create | Villager (Male) |
| 8:17 | Create | Villager (Male) |
| 8:27 | Research | Feudal Age |
| 8:53 | Build | House |
| 9:22 | Create | Villager (Male) |
| 9:23 | Create | Villager (Male) |
| 9:23 | Create | Villager (Male) |
| 9:32 | Build | House |
| 10:54 | Research | Double-Bit Axe |
| 10:57 | Research | Horse Collar |
| 11:05 | Build | Farm |
| 11:53 | Create | Villager (Male) |
| 11:53 | Create | Villager (Male) |
| 11:54 | Create | Villager (Male) |
| 12:09 | Build | Barracks |
| 12:39 | Build | Farm |
| 12:43 | Build | Farm |
| 12:48 | Create | Villager (Male) |
| 12:50 | Build | Farm |
| 13:11 | Build | Farm |
| 13:42 | Build | Blacksmith |
| 13:51 | Build | Farm |
| 14:06 | Create | Villager (Male) |
| 14:07 | Create | Villager (Male) |
| 14:11 | Build | Farm |
| 14:30 | Build | House |
| 14:38 | Build | House |
| 14:47 | Create | Villager (Male) |
| 14:50 | Build | Farm |
| 15:08 | Build | Archery Range |
| 15:16 | Create | Villager (Male) |
| 15:18 | Build | Farm |
| 15:39 | Build | Mining Camp |
| 15:59 | Create | Spearman |
| 16:00 | Create | Spearman |
| 16:08 | Build | Palisade Wall |
| 16:27 | Build | Lumber Camp |
| 16:36 | Build | Farm |
| 16:38 | Research | Castle Age |
| 16:49 | Build | House |
| 16:53 | Build | House |
| 17:13 | Research | Fletching |
| 17:30 | Build | Mining Camp |
| 17:41 | Research | Gold Mining |
| 17:53 | Build | House |
| 17:59 | Build | House |
| 18:10 | Build | House |
| 18:21 | Create | Spearman |
| 18:22 | Create | Spearman |
| 18:40 | Create | Villager (Male) |
| 18:40 | Create | Villager (Male) |
| 18:41 | Create | Villager (Male) |
| 19:04 | Build | Farm |
| 19:15 | Research | Stone Mining |
| 19:29 | Build | Town Center |
| 19:45 | Build | Town Center |
| 19:50 | Build | House |
| 19:51 | Build | House |
| 20:20 | Create | Villager (Male) |
| 20:20 | Create | Villager (Male) |
| 20:27 | Build | Farm |
| 20:40 | Create | Villager (Male) |
| 20:41 | Create | Villager (Male) |
| 20:47 | Build | Farm |
| 20:54 | Build | Farm |
| 20:57 | Create | Villager (Male) |
| 20:57 | Create | Villager (Male) |
| 21:28 | Build | Palisade Wall |
| 21:48 | Build | Lumber Camp |
| 21:57 | Research | Bow Saw |
| 22:01 | Research | Wheelbarrow |
| 22:09 | Create | Villager (Male) |
| 22:24 | Build | Farm |
| 23:49 | Build | Market |
| 24:14 | Create | Villager (Male) |
| 24:14 | Create | Villager (Male) |
| 24:15 | Create | Villager (Male) |
| 24:56 | Research | Forging |
| 25:09 | Create | Villager (Male) |
| 25:16 | Build | Mining Camp |
| 25:35 | Create | Villager (Male) |
| 25:36 | Create | Villager (Male) |
| 25:54 | Build | Palisade Wall |
| 26:03 | Create | Trade Cart |
| 26:03 | Create | Trade Cart |
| 27:02 | Research | Bodkin Arrow |
| 28:31 | Build | Town Center |
| 29:04 | Research | Caravan |
| 29:25 | Build | Lumber Camp |
| 29:44 | Create | Trade Cart |
| 29:45 | Create | Trade Cart |
| 32:22 | Create | Villager (Male) |
| 32:22 | Create | Villager (Male) |
| 32:23 | Create | Villager (Male) |
| 32:30 | Build | House |
| 32:33 | Build | House |
| 32:35 | Build | House |
| 32:43 | Build | House |
| 32:46 | Build | House |
| 33:36 | Build | House |
| 33:37 | Build | House |
| 33:42 | Build | House |
| 33:43 | Build | House |
| 33:45 | Build | House |
| 34:32 | Build | House |
| 34:35 | Build | House |
| 34:44 | Create | Villager (Male) |
| 34:45 | Create | Villager (Male) |
| 35:06 | Build | Lumber Camp |
| 35:16 | Build | Lumber Camp |
| 35:23 | Create | Villager (Male) |
| 35:23 | Create | Villager (Male) |
| 35:34 | Build | House |
| 35:35 | Build | House |
| 35:36 | Build | House |
| 35:37 | Build | House |
| 35:46 | Build | House |
| 35:52 | Build | Farm |
| 35:59 | Create | Villager (Male) |
| 35:59 | Create | Villager (Male) |
| 36:00 | Create | Villager (Male) |
| 36:10 | Build | Farm |
| 36:12 | Build | Farm |
| 36:15 | Build | Farm |
| 36:17 | Build | Farm |
| 36:21 | Build | Farm |
Build order — xbr
First 150 of 323 actions detected
| 0:02 | Create | Villager (Male) |
| 0:02 | Create | Villager (Male) |
| 0:02 | Create | Villager (Male) |
| 0:06 | Build | House |
| 0:07 | Build | House |
| 0:30 | Research | Loom |
| 0:33 | Research | Loom |
| 0:42 | Create | Villager (Male) |
| 0:42 | Create | Villager (Male) |
| 0:42 | Create | Villager (Male) |
| 0:42 | Create | Villager (Male) |
| 1:33 | Create | Villager (Male) |
| 2:02 | Create | Villager (Male) |
| 2:29 | Build | House |
| 2:46 | Create | Villager (Male) |
| 3:01 | Create | Villager (Male) |
| 3:09 | Build | House |
| 3:16 | Create | Villager (Male) |
| 3:17 | Create | Villager (Male) |
| 4:01 | Build | Lumber Camp |
| 4:05 | Create | Villager (Male) |
| 4:06 | Create | Villager (Male) |
| 4:06 | Create | Villager (Male) |
| 5:00 | Build | Mill |
| 5:04 | Create | Villager (Male) |
| 5:43 | Create | Villager (Male) |
| 5:43 | Create | Villager (Male) |
| 5:44 | Create | Villager (Male) |
| 5:44 | Create | Villager (Male) |
| 6:21 | Create | Villager (Male) |
| 7:05 | Create | Villager (Male) |
| 7:05 | Create | Villager (Male) |
| 7:15 | Create | Villager (Male) |
| 7:17 | Create | Villager (Male) |
| 7:17 | Create | Villager (Male) |
| 7:19 | Create | Villager (Male) |
| 7:19 | Create | Villager (Male) |
| 7:22 | Create | Villager (Male) |
| 7:23 | Create | Villager (Male) |
| 7:32 | Build | Mining Camp |
| 8:00 | Create | Villager (Male) |
| 8:18 | Build | Farm |
| 8:25 | Build | Farm |
| 8:48 | Research | Feudal Age |
| 9:43 | Build | Barracks |
| 9:47 | Build | House |
| 10:49 | Create | Villager (Male) |
| 11:09 | Create | Villager (Male) |
| 11:11 | Research | Double-Bit Axe |
| 11:12 | Create | Villager (Male) |
| 11:21 | Build | Archery Range |
| 11:27 | Create | Villager (Male) |
| 12:17 | Create | Villager (Male) |
| 12:29 | Build | Lumber Camp |
| 12:32 | Create | Villager (Male) |
| 12:44 | Build | Blacksmith |
| 12:45 | Create | Archer |
| 12:46 | Create | Archer |
| 12:47 | Create | Archer |
| 13:05 | Create | Villager (Male) |
| 13:27 | Research | Fletching |
| 13:30 | Build | House |
| 13:31 | Build | House |
| 13:37 | Research | Gold Mining |
| 14:01 | Create | Villager (Male) |
| 14:02 | Create | Villager (Male) |
| 14:04 | Build | House |
| 14:06 | Build | House |
| 14:29 | Create | Archer |
| 14:37 | Create | Eagle Scout |
| 14:44 | Create | Archer |
| 14:44 | Create | Archer |
| 14:46 | Create | Villager (Male) |
| 14:55 | Research | Padded Archer Armor |
| 15:20 | Create | Villager (Male) |
| 15:27 | Create | Villager (Male) |
| 15:28 | Create | Villager (Male) |
| 15:37 | Create | Archer |
| 15:51 | Build | Archery Range |
| 16:27 | Create | Archer |
| 16:30 | Create | Villager (Male) |
| 16:30 | Create | Villager (Male) |
| 16:39 | Build | Farm |
| 16:40 | Build | Farm |
| 16:43 | Build | Farm |
| 16:43 | Build | Farm |
| 16:44 | Build | Farm |
| 16:44 | Build | Farm |
| 17:27 | Create | Archer |
| 17:27 | Create | Archer |
| 17:27 | Create | Archer |
| 17:27 | Create | Archer |
| 17:34 | Create | Archer |
| 17:34 | Create | Archer |
| 17:39 | Build | House |
| 17:42 | Build | House |
| 18:06 | Create | Villager (Male) |
| 18:07 | Create | Villager (Male) |
| 18:08 | Create | Villager (Male) |
| 18:15 | Build | Farm |
| 18:16 | Build | Farm |
| 18:17 | Build | Farm |
| 18:18 | Build | Farm |
| 18:18 | Build | Farm |
| 18:19 | Build | Farm |
| 18:19 | Build | Farm |
| 18:22 | Create | Villager (Male) |
| 18:22 | Create | Villager (Male) |
| 18:37 | Create | Archer |
| 18:40 | Create | Archer |
| 18:41 | Create | Archer |
| 18:44 | Build | House |
| 19:59 | Build | Farm |
| 20:01 | Build | Farm |
| 20:01 | Build | Farm |
| 20:02 | Build | Farm |
| 20:05 | Create | Villager (Male) |
| 20:30 | Create | Eagle Scout |
| 20:30 | Create | Eagle Scout |
| 20:45 | Create | Spearman |
| 20:46 | Create | Eagle Scout |
| 20:50 | Create | Archer |
| 20:50 | Create | Archer |
| 20:58 | Build | Barracks |
| 21:33 | Create | Villager (Male) |
| 21:33 | Create | Villager (Male) |
| 21:33 | Create | Villager (Male) |
| 21:38 | Create | Eagle Scout |
| 22:04 | Research | Castle Age |
| 22:09 | Create | Eagle Scout |
| 22:14 | Create | Eagle Scout |
| 22:14 | Create | Eagle Scout |
| 22:14 | Create | Eagle Scout |
| 22:44 | Build | House |
| 22:46 | Build | House |
| 22:46 | Build | House |
| 22:47 | Build | House |
| 24:12 | Create | Villager (Male) |
| 24:12 | Create | Villager (Male) |
| 24:12 | Create | Villager (Male) |
| 24:30 | Create | Eagle Scout |
| 24:34 | Create | Eagle Scout |
| 24:52 | Research | Thumb Ring |
| 24:57 | Research | Bow Saw |
| 25:00 | Research | Horse Collar |
| 25:14 | Build | House |
| 25:15 | Build | House |
| 25:16 | Build | House |
| 25:41 | Research | Bodkin Arrow |
| 25:52 | Create | Villager (Male) |
Match timeline
| 6:37 | CompixZero · wall_segment Palisade Wall x10 |
| 6:43 | CompixZero · wall_segment Palisade Wall x9 |
| 6:57 | CompixZero · wall_segment Palisade Wall x4 |
| 8:13 | Ekrem · wall_segment Palisade Wall x3 |
| 8:25 | CompixZero · wall_segment Palisade Wall x12 |
| 8:27 | CompixZero · wall_segment Palisade Wall x8 |
| 9:18 | CompixZero · wall_segment Palisade Wall x1 |
| 9:43 | xbr · first_building Barracks |
| 9:46 | CompixZero · wall_segment Palisade Wall x1 |
| 9:49 | CompixZero · wall_segment Palisade Wall x1 |
| 9:54 | CompixZero · wall_segment Palisade Wall x1 |
| 9:58 | CompixZero · wall_segment Palisade Wall x1 |
| 10:01 | rkw · first_building Barracks |
| 10:39 | dinbsty ascenci · wall_segment Stone Wall x20 |
| 10:53 | dinbsty ascenci · wall_segment Stone Wall x15 |
| 11:11 | dinbsty ascenci · wall_segment Stone Wall x11 |
| 11:21 | xbr · first_building Archery Range |
| 12:09 | rasca · first_building Barracks |
| 12:23 | Killer_Master69 · first_building Stable |
| 13:19 | CompixZero · wall_segment Palisade Wall x3 |
| 14:09 | rkw · first_building Stable |
| 14:30 | dinbsty ascenci · first_building Barracks |
| 15:08 | rasca · first_building Archery Range |
| 15:34 | Dr4goN · first_market_sell 100 food |
| 15:35 | Dr4goN · first_market_buy 100 stone |
| 15:59 | dinbsty ascenci · first_building Stable |
| 16:08 | rasca · wall_segment Palisade Wall x1 |
| 16:37 | Killer_Master69 · first_market_sell 100 wood |
| 17:07 | CompixZero · wall_segment Palisade Wall x1 |
| 17:26 | CompixZero · first_building Barracks |
| 17:28 | Ekrem · first_building Siege Workshop |
| 17:40 | Ekrem · first_building Monastery |
| 18:58 | Ekrem · first_building Barracks |
| 19:52 | CompixZero · first_building Siege Workshop |
| 19:54 | Ekrem · first_building Archery Range |
| 20:22 | Killer_Master69 · first_building Castle |
| 20:32 | Ekrem · first_market_buy 100 food |
| 21:28 | rasca · wall_segment Palisade Wall x12 |
| 22:04 | dinbsty ascenci · first_building Castle |
| 23:07 | Dr4goN · first_building Barracks |
| 23:34 | dinbsty ascenci · first_building Siege Workshop |
| 23:39 | rkw · first_building Castle |
| 23:53 | Killer_Master69 · first_building Siege Workshop |
| 24:37 | Dr4goN · first_building Stable |
| 25:07 | Ekrem · wall_segment Stone Wall x1 |
| 25:30 | Ekrem · first_market_sell 100 stone |
| 25:54 | rasca · wall_segment Palisade Wall x9 |
| 27:14 | rkw · first_market_buy 100 food |
| 28:24 | xbr · first_building Siege Workshop |
| 30:14 | Dr4goN · first_building Monastery |
| 36:17 | dinbsty ascenci · first_building Monastery |
| 37:33 | Ekrem · first_building Stable |
| 39:05 | CompixZero · first_building Monastery |
| 39:43 | Dr4goN · first_building Castle |
| 40:57 | CompixZero · first_building Castle |
| 41:57 | xbr · first_building Monastery |
| 42:29 | rasca · first_building Castle |
| 43:46 | xbr · first_building Castle |
| 44:26 | rkw · tribute_sent a jugador 1 |
| 44:26 | rkw · tribute_sent a jugador 3 |
| 44:26 | rkw · tribute_sent a jugador 4 |
| 44:26 | rkw · tribute_sent a jugador 5 |
| 44:26 | rkw · tribute_sent a jugador 6 |
| 44:26 | rkw · tribute_sent a jugador 7 |
| 44:26 | rkw · tribute_sent a jugador 8 |
| 48:26 | Dr4goN · wall_segment Stone Wall x1 |
| 48:27 | Dr4goN · wall_segment Stone Wall x1 |
| 48:31 | Dr4goN · wall_segment Stone Wall x32 |
| 52:19 | CompixZero · first_market_sell 100 wood |
| 53:12 | Dr4goN · resign |
[ AI ANALYSIS · 1 CREDIT ]
What really happened in this match?
Wolo.gg analyzes every decision: build order, eco, micro, common mistakes by bracket. Personalized analysis on WhatsApp or Discord in 30 seconds.
Civ guide
Maya
Map guide
Oasis
Perfil
Jugador #10596018